 Dungeon Crawl Stone Soup version 0.30.1-11-g7821555f0a (webtiles) character file.

Game seed: 4445315339490049019

53 watttottt the Conjurer (level 3, 0/26 HPs)
             Began as a Draconian Conjurer on Dec 30, 2023.
             Killed by divine providence
             ... invoked by an orc priest
              (13 damage)
             ... on level 3 of the Dungeon.
             The game lasted 00:15:32 (3231 turns).

watttottt the Conjurer (Draconian Conjurer)         Turns: 3231, Time: 00:15:40

Health: 0/26       AC:  6    Str:  9    XL:     3   Next: 64%
Magic:  4/6        EV: 12    Int: 26    God:
Gold:   165        SH:  0    Dex:  9    Spells: 1/6 levels left

rFire   . . .        c - +0 spear
rCold   + + .        (no shield)
rNeg    . . .        (body armour unavailable)
rPois   .            (helmet restricted)
rElec   .            (no cloak)
rCorr   .            k - +0 pair of gloves
SInv    .            (no boots)
Will    .....        (no amulet)
Stlth   ++           d - ring of protection from cold
HPRegen 1.04/turn    q - +6 ring of intelligence
MPRegen 0.10/turn

%: no passive effects
@: very slightly contaminated
A: AC +5, unfitting armour, cold-blooded, cold resistance 1, regeneration 1,
screaming 1
a: no special abilities


You were on level 3 of the Dungeon.
You visited 1 branch of the dungeon, and saw 4 of its levels.

You collected 165 gold pieces.

Inventory:

Hand Weapons
 c - a +0 spear (weapon)
Armour
 k - a +0 pair of gloves (worn)
Jewellery
 d - a ring of protection from cold (left hand)
 q - a +6 ring of intelligence (right hand)
Scrolls
 e - 2 scrolls of teleportation
 f - 2 scrolls of silence
 g - a scroll of immolation
 h - a scroll of fear
 i - a scroll of vulnerability
Potions
 a - 2 potions of magic
 b - a potion of might
 j - 2 potions of heal wounds


   Skills:
 * Level 2.6 Dodging
 + Level 2.3 Stealth
 + Level 2.4 Spellcasting
 + Level 4.3 Conjurations


You had one spell level left.
You knew the following spells:

 Your Spells              Type           Power      Damage    Failure   Level
a - Magic Dart            Conj           100%       1d8       1%          1
b - Searing Ray           Conj           50%        2d6       2%          2
c - Blink                 Tloc           6%         N/A       16%         2

Your spell library contained the following spells:

 Spells                   Type           Power      Damage    Failure   Level
 Momentum Strike          Conj/Tloc      28%        3d8       6%          2
 Dazzling Flash           Conj/Hex       28%        N/A       12%         3
 Cigotuvi's Dreadful Rot  Necr/Pois/Air  6%         N/A       16%         2
 Lesser Beckoning         Tloc           6%         N/A       16%         2
 Summon Guardian Golem    Hex/Summ       3%         N/A       30%         3
 Fulminant Prism          Conj/Hex       7%         3d6       38%         4
 Iskenderun's Mystic Bla  Conj/Tloc      14%        2d5       38%         4
 Dispel Undead            Necr           3%         3d7       69%         4
 Death Channel            Necr           1%         N/A       100%        6
 Orb of Destruction       Conj           12%        9d7       100%        7
 Spellforged Servitor     Conj/Summ      7%         N/A       100%        7


Dungeon Overview and Level Annotations

Branches:
Dungeon (4/15)
 Temple: D:4-7

Altars:
Makhleb
Uskayaw
Wu Jian


Innate Abilities, Weirdness & Mutations

Your plain brown scales are hard. (AC +5)
You cannot fit into any form of body armour.
You are cold-blooded and may be slowed by cold attacks.
Your flesh is cold resistant. (rC+)
Your natural rate of healing is unusually fast.
You occasionally shout uncontrollably at your foes.


Message History

It was a scroll of poison.
Unknown command.
You can't go down here!
You climb upwards.
The goblin hits you but does no damage.
There is a stone staircase leading down here.
Casting: Magic Dart (safe; 1% risk of failure)
Confirm with . or Enter, or press ? or * to list all spells.
You don't know that spell.
Casting: Magic Dart (safe; 1% risk of failure)
Confirm with . or Enter, or press ? or * to list all spells.
Aiming: Searing Ray (safe; 2% risk of failure)
Press: ? - help, Shift-Dir - straight line, f - orc
Aim: an orc, wielding a +0 hand axe and wearing a +1 leather armour of positive energy (79% to hit)
You miscast Searing Ray.
You are very lightly contaminated with residual magic.
Nothing appears to happen.
The orc priest misses you. The goblin hits you with a +0 club.
Casting: Searing Ray (safe; 2% risk of failure)
Confirm with . or Enter, or press ? or * to list all spells.
Aiming: Searing Ray (safe; 2% risk of failure)
Press: ? - help, Shift-Dir - straight line, p - orc
Okay, then.
Unknown command.
The orc barely misses you. The orc priest misses you.
You hit the orc but do no damage.
You tail-slap the orc, but do no damage.
The orc hits you with a +0 hand axe. The orc misses you.
The orc priest miscasts a cantrip.
The goblin hits you but does no damage.
You completely miss the orc priest. The orc barely misses you.
The orc hits you with a +0 war axe!
The orc priest calls down the wrath of Beogh upon you.
Pain shoots through your body! The goblin barely misses you.
You closely miss the goblin. The orc barely misses you.
The orc hits you but does no damage. The orc priest barely misses you.
The goblin closely misses you. The orc barely misses you.
The orc priest invokes the aid of Beogh against you.
Beogh smites you!
Ouch! That really hurt!
You die...

#.##.........##..####.......
..##...########....##.##....
#####...## #.##.##.##)8.8
#.....### #.##.##.#.....
######.......# #.......#.....
#..........#.### ####.###..#...
###.##.......#.#.##
##.##...#_).
.........##.#.o..##
#.#.....#... .
#.##.##.##.#.o@..####.##.......
.##............og...#
######.....
....†..)#.##.......## #..8.8
...##...#.##........... #.....
###.##)o.........##.### #.....
#...#†....##..#.# .# ######
#o##......#.... .
#..##.....#~≈~[~≈.
)#..#.....#.~≈≈~ ~~


You could see an orc priest, 2 orcs and a goblin.

Vanquished Creatures
  2 adders (D:2)
  2 orcs
  2 endoplasms (D:2)
  3 giant cockroaches
  4 goblins
  3 hobgoblins (D:3)
  3 kobolds
  A quokka (D:3)
  2 ball pythons
  2 bats
  6 frilled lizards
  4 rats
34 creatures vanquished.

Notes
Turn   | Place    | Note
-------+----------+-------------------------------------------
     0 | D:1      | watttottt the Draconian Conjurer began the quest for the
                  | Orb.
     0 | D:1      | Reached XP level 1. HP: 14/14 MP: 3/3
   558 | D:1      | Reached XP level 2. HP: 19/20 MP: 0/5
  1305 | D:2      | Learned a level 2 spell: Searing Ray
  1831 | D:2      | Reached XP level 3. HP: 26/26 MP: 2/6
  2403 | D:3      | Found a hide-covered altar of Uskayaw.
  2485 | D:3      | Gained mutation: You occasionally shout uncontrollably at
                  | your foes. [potion of mutation]
  2485 | D:3      | Gained mutation: Your natural rate of healing is unusually
                  | fast. [potion of mutation]
  2485 | D:3      | Gained mutation: Your flesh is cold resistant. (rC+)
                  | [potion of mutation]
  2754 | D:3      | Found an ornate altar of the Wu Jian Council.
  2825 | D:3      | Found a burning altar of Makhleb.
  2902 | D:3      | Learned a level 2 spell: Blink
  3231 | D:3      | Killed from afar by an orc priest

Illustrated notes

Levels and vault maps discovered:
D:1:      scummos_arrival_simple_fountains, layout_basic, minmay_hexomino_p4
D:2:      layout_rooms, serial_co_window_serial, co_window_corner_a,
          co_window_corner_a, co_window_paths_a, co_window_corner_a,
          co_window_corner_a, co_window_corner_b, co_window_broadway_c,
          co_window_corner_b, co_window_corner_b, co_window_broadway_b,
          co_window_corner_b, co_window_2corner, co_window_sun, glass_columns_b,
          glass_columns_a, glass_columns_c
D:3:      layout_loops_cross, eat_drink_and_be_merry_uskayaw,
          mainiacjoe_overflow_24_doors,
          mainiacjoe_overflow_concentric_impassable,
          mainiacjoe_overflow_cross_hatched, chequers_ecumenical_altar_island,
          fountainhead, minmay_pentomino_pile
D:4:      layout_basic, grunt_gozag_statues, nicolae_ru_great_annihilating_truth

Skill      XL: |  1 |
---------------+----+-----
Dodging        | 2 |  2.6
Stealth        | 2 |  2.3
Spellcasting   | |  2.4
Conjurations   | |  4.3

Action                     || total
---------------------------++-------
  Melee: Spear             ||    20
         Punch             ||     1
         Tailslap          ||     1
   Cast: Magic Dart        ||    50
         Searing Ray       ||     5
    Use: Potion            ||     6
         Scroll            ||     8
 Armour: Skin              ||    13
  Dodge: Dodged            ||    38
